 Dungeon Crawl Stone Soup version 0.28-a0-206-gc2c9e32840 (webtiles) character file.

Game seed: 15940329664606755858

8 Whiskey the Skirmisher (level 2, 24/24 HPs)
             Began as a Demonspawn Fighter on Aug 20, 2021.
             Quit the game on level 1 of the Dungeon.
             The game lasted 00:00:45 (339 turns).

Whiskey the Skirmisher (Demonspawn Fighter)          Turns: 339, Time: 00:00:46

Health: 24/24      AC:  6    Str: 16    XL:     2   Next: 0%
Magic:  2/2        EV:  6    Int:  9    God:
Gold:   14         SH:  8    Dex: 12    Spells: 1/1 levels left

rFire   . . .      SeeInvis .   a - +0 war axe
rCold   . . .      Faith    .   c - +0 kite shield
rNeg    . . .      Spirit   .   b - +0 scale mail
rPois   .          Reflect  .   (no helmet)
rElec   .          Harm     .   (no cloak)
rCorr   .          Rampage  .   (no gloves)
Will    .....                   (no boots)
Stlth   ..........              (no amulet)
HPRegen 0.08/turn               (no ring)
MPRegen 0.08/turn               (no ring)

@: no status effects
A: claws 1
a: no special abilities


You were on level 1 of the Dungeon.
You visited 1 branch of the dungeon, and saw 1 of its levels.

You collected 14 gold pieces.

Inventory:

Hand Weapons
 a - a +0 war axe (weapon)
Armour
 b - a +0 scale mail (worn)
 c - a +0 kite shield (worn)
Scrolls
 f - a scroll of enchant armour {unknown}
 g - a scroll of magic mapping {unknown}
Potions
 d - a potion of might
 e - a potion of haste {unknown}


   Skills:
 + Level 3.1 Fighting
 + Level 2.0 Axes
 + Level 2.8 Armour
 + Level 2.8 Shields


You had one spell level left.
You didn't know any spells.
Your spell library was empty.

Dungeon Overview and Level Annotations

Branches:
Dungeon (1/15)

Altars:


Innate Abilities, Weirdness & Mutations

You have sharp fingernails.


Message History

No target in view!
No target in view!
No target in view!
No target in view!
No target in view!
No target in view!
No target in view!
No target in view!
No target in view!
No target in view!
No target in view!
No target in view!
No target in view!
No target in view!
No target in view!
No target in view!
No target in view!
An endoplasm comes into view.
The endoplasm quivers.
An endoplasm is nearby!
The endoplasm freezes you.
You are frozen.
You take 3 damage, and have 15/18 hp.
You slash the endoplasm!
You kill the endoplasm!
No target in view!
No target in view!
No target in view!
No target in view!
No target in view!
No target in view!
No target in view!
No target in view!
No target in view!
No target in view!
No target in view!
No target in view!
No target in view!
A kobold comes into view. It is wielding a +0 whip.
The kobold shouts!
Health restored: 18 You closely miss the kobold.
A rat comes into view.
The kobold hits you with a +0 whip.
You take 1 damage, and have 17/18 hp.
You slash the kobold!
You kill the kobold!
You closely miss the rat. The rat bites you but does no damage.
You slash the rat!
You kill the rat!
No target in view!
No target in view!
No target in view!
No target in view!
No target in view!
No target in view!
No target in view!
No target in view!
No target in view!
No target in view!
No target in view!
No target in view!
No target in view!
An endoplasm comes into view.
Health restored: 18 You see here a scroll labelled KEZYMMU ZEIPY.
You block the endoplasm's attack.
You slash the endoplasm!
You kill the endoplasm!
No target in view!
No target in view!
No target in view!
No target in view!
No target in view!
No target in view!
No target in view!
No target in view!
No target in view!
No target in view!
No target in view!
No target in view!
No target in view!
No target in view!
f - a scroll labelled KEZYMMU ZEIPY
Found a stone staircase leading down.
No target in view!
You now have 14 gold pieces.
A quokka comes into view.
You see here a scroll labelled EHUNERAXIE.
g - a scroll labelled EHUNERAXIE A quokka is nearby!
The quokka barely misses you.
You slash the quokka!
You kill the quokka!
Your Axes skill increases to level 2!
You have reached level 2!
You feel monstrous as your demonic heritage exerts itself.
Your demonic ancestry asserts itself...
Your fingernails lengthen.
Health restored: 24; MP restored: 2

#+ ###.####+#########+#
.................>.#
##.#....#.....#...#
###......#.........## ..
+.......##...@........
...####.########†....###.
...####.## ......#
.........# ...##..#
.........## ....# ..#
..........# #....# ..#
........#.###....+ .#
........#..##....#
##............#


There were no monsters in sight!

Vanquished Creatures
  2 endoplasms (D:1)
  A kobold (D:1)
  2 quokkas (D:1)
  A ball python (D:1)
  A rat (D:1)
7 creatures vanquished.

Notes
Turn   | Place    | Note
-------+----------+-------------------------------------------
     0 | D:1      | Whiskey the Demonspawn Fighter began the quest for the Orb.
     0 | D:1      | Reached XP level 1. HP: 18/18 MP: 1/1
   339 | D:1      | Reached skill level 2 in Axes
   339 | D:1      | Gained mutation: You have sharp fingernails. [demonic
                  | ancestry]
   339 | D:1      | Reached XP level 2. HP: 24/24 MP: 2/2
   339 | D:1      | Quit the game

Illustrated notes

Levels and vault maps discovered:
D:1:      nagdon_arrival_double_spiral, layout_basic

Skill      XL: |  1 |
---------------+----+-----
Axes           | 2 |  2.0
Fighting       | |  3.1
Armour         | |  2.8
Shields        | |  2.8

Action                   || total
-------------------------++-------
Melee: War axe           ||    12
Armor: Scale mail        ||     3
Dodge: Dodged            ||     4
Block: Kite shield       ||     4

Table legend: (Time is in decaauts)
 A = Elapsed time spent in this place.
 B = Non-inter-level travel time spent in this place.
 C = Inter-level travel time spent in this place.
 D = Time resting spent in this place.
 E = Time spent auto-exploring this place.
 F = Levels seen in this place.
 G = Mean time per level.
                   A        B        C        D        E       F      G
               +--------+--------+--------+--------+--------+-----+--------+
         Total |    346 |    346 |      0 |      0 |    305 |   1 |  346.0 |
       Dungeon |    346 |    346 |      0 |      0 |    305 |   1 |  346.0 |
               +--------+--------+--------+--------+--------+-----+--------+

Top non-repeatable levels by time:
     D:1: 346 daAuts

Table legend:
 A = Kills in this place as a percentage of kills in entire the game.
 B = Kills by you in this place as a percentage of kills by you in the entire game.
 C = Kills by friends in this place as a percentage of kills by friends in the entire game.
 D = Other kills in this place as a percentage of other kills in the entire game.
 E = Experience gained in this place as a percentage of experience gained in the entire game.
 F = Experience gained in this place divided by the number of levels of this place that you have seen.
                   A       B       C       D       E      F
               +-------+-------+-------+-------+-------+----------------------
         Total | 100.0 | 100.0 |   N/A |   N/A | 100.0 |  12.0
       Dungeon | 100.0 | 100.0 |   N/A |   N/A | 100.0 |  12.0
               +-------+-------+-------+-------+-------+----------------------
